[Event "*** Titled Tuesday Blitz"]
[Site "Chess.com"]
[Date "2018.04.03"]
[Round "3"]
[White "DrHolmes13"]
[Black "Abrito99"]
[Result "1-0"]
[WhiteElo "2464"]
[BlackElo "2438"]
[TimeControl "180+2"]
[EndTime "13:36:09 PDT"]
[Termination "DrHolmes13 won by resignation"]

1. d4 Nf6 2. c4 g6 3. Nc3 Bg7 4. e4 d6 5. Be2 O-O 6. Nf3 e5 7. d5 a5 8. Bg5 Na6 9. Nd2 Nc5 10. O-O h6 11. Be3 Bd7 12. b3 Nh7 13. f3 f5 14.
a3 f4 15. Bf2 h5 16. b4 Na6 17. c5 h4 18. cxd6 cxd6 19. Nc4 h3 20. b5 hxg2 21.
Kxg2 Nc7 22. Nxd6 Ng5 23. Nxb7 Bh3+ 24. Kh1 Qc8 25. Rg1 Bf6 26. Nc5 Kg7 27. b6 Rh8 28. b7 Qg8 29. bxa8=Q Nxa8 30. Rxg5 Bxg5 31. Rb1 Qc8 32. d6 Bg2+ 33. Kxg2 Qh3+ 34. Kg1 Qxh2+ 35.
Kf1 Qh1+ 36. Bg1 Rh2 37. Ne6+ Kf6 38. Nxg5 Qg2+ 39. Ke1 Qxg1+ 40. Kd2 Qe3+ 41. Kc2 Nb6 42. Rxb6 Kxg5 43. d7 Qxb6 44. d8=Q+ 1-0

[Event "*** Titled Tuesday Blitz"]
[Site "Chess.com"]
[Date "2018.04.03"]
[Round "3"]
[White "Margency"]
[Black "Ravan_02"]
[Result "1-0"]
[WhiteElo "2582"]
[BlackElo "2471"]
[TimeControl "180+2"]
[EndTime "13:36:12 PDT"]
[Termination "Margency won by resignation"]

1. e4 g6 2. d4 Bg7 3. Nc3 d6 4. Be3 c6 5. Bd3 Nd7 6. Nf3 Ngf6 7. a4 O-O 8. O-O e5 9. dxe5 Nxe5 10. Nxe5 dxe5 11. a5 Qe7 12. Na4 Rd8 13. Qe2 Nh5 14. g3 Nf6 15. Rfd1 Bh3 16. f3 Be6 17. Nc5 Bh3 18.
b4 h5 19. c3 Nh7 20. Bc4 h4 21. Rxd8+ Rxd8 22. Rd1 Rxd1+ 23. Qxd1 Bc8 24. Na4 hxg3 25.
hxg3 Ng5 26. Bxa7 Nh3+ 27. Kg2 Qg5 28. Bf1 Be6 29. Nc5 Nf4+ 30. Kf2 Nh3+ 31. Bxh3 Bxh3 32. Bb6 Bh6 33. Qd8+ Qxd8 34. Bxd8 Bc8 35. Bf6 Bd2 36. Bxe5 Kf8 37. Ke2 Bg5 38. Bd6+ Ke8 39. f4 Bf6 40. e5 Bd8 41. Kf3 g5 42. Ne4 gxf4 43. gxf4 f6 44. exf6 Kf7 45. Be5 Be6 46. Ng5+ 1-0

[Event "*** Titled Tuesday Blitz"]
[Site "Chess.com"]
[Date "2018.04.03"]
[Round "3"]
[White "Fins0905"]
[Black "mishanick"]
[Result "1-0"]
[WhiteElo "2596"]
[BlackElo "2844"]
[TimeControl "180+2"]
[EndTime "13:36:14 PDT"]
[Termination "Fins0905 won by checkmate"]

1. d4 Nf6 2. Nf3 d5 3. c4 e6 4.
Nc3 dxc4 5. e3 a6 6. a4 b6 7. Bxc4 Bb7 8. O-O Bb4 9. Qe2 O-O 10. Rd1 Nbd7 11. Qc2 Qe7 12. b3 c5 13. Bb2 Bxf3 14.
gxf3 cxd4 15. Rxd4 Ne5 16. Qe2 Qb7 17. Ne4 Nfd7 18.
Rad1 Bc5 19. Nxc5 Nxc5 20. e4 Ng6 21. Rd6 Qc7 22. Qe3 Rab8 23. Bf1 Qe7 24. a5 Nb7 25. Rxb6 Nxa5 26. b4 Rxb6 27. Qxb6 Nb7 28. Kh1 Nh4 29. Rd3 Nd8 30. Qd6 Qg5 31. Qg3 Qh5 32. Be2 Nc6 33. Qxg7# 1-0

[Event "*** Titled Tuesday Blitz"]
[Site "Chess.com"]
[Date "2018.04.03"]
[Round "3"]
[White "MFBerna"]
[Black "WinnerOleg"]
[Result "1-0"]
[WhiteElo "2295"]
[BlackElo "2343"]
[TimeControl "180+2"]
[EndTime "13:36:22 PDT"]
[Termination "MFBerna won by resignation"]

1. e4 g6 2. d4 Bg7 3. Nf3 a6 4. Nc3 b5 5. a3 Bb7 6. Bd3 Nf6 7. O-O O-O 8. Bg5 d6 9. Re1 h6 10.
Bh4 g5 11. Bg3 Nh5 12. Ne2 c5 13. c3 cxd4 14. cxd4 Nc6 15. Rc1 Rc8 16. Bb1 e5 17. d5 Ne7 18. Rxc8 Bxc8 19. Nd2 f5 20. exf5 Bxf5 21.
Bxf5 Nxf5 22. Ne4 Qc7 23. a4 Rc8 24. axb5 axb5 25. N2c3 Nhxg3 26. hxg3 Nd4 27. Qh5 b4 28. Nd1 Nb5 29. Ne3 Qf7 30. Qxf7+ Kxf7 31. Nf5 Bf8 32. Ra1 b3 33. Ra5 Rb8 34. Rxb5 Rd8 35. Rb7+ 1-0

[Event "*** Titled Tuesday Blitz"]
[Site "Chess.com"]
[Date "2018.04.03"]
[Round "3"]
[White "lukas_111111"]
[Black "eldur16"]
[Result "1/2-1/2"]
[WhiteElo "2534"]
[BlackElo "2517"]
[TimeControl "180+2"]
[EndTime "13:36:26 PDT"]
[Termination "Game drawn by repetition"]

1. e4 g6 2. d4 Bg7 3. Nc3 d6 4. f4 a6 5. Nf3 b5 6. Bd3 Nd7 7. e5 c5 8. Be4 cxd4 9. Nxd4 dxe5 10.
fxe5 b4 11. Nc6 Qc7 12. Nd5 Qb7 13. Ncxe7 Nxe5 14. Nxg8 Rxg8 15. Nf6+ Bxf6 16. Bxb7 Bxb7 17. O-O Be7 18. Qe2 f6 19. Bf4 Bc5+ 20. Kh1 O-O-O 21. Bxe5 fxe5 22. Qc4 Rd5 23. Rf7 Rgd8 24. Raf1 Kb8 25. h3 Ka8 26. Kh2 e4 27. Rxb7 Kxb7 28. Rf7+ Kb6 29. Qxe4 Bd6+ 30. Kg1 Bc5+ 31. Kh2 Bd6+ 32. Kg1 Bc5+ 33. Kh2 Bd6+ 34. Kg1 Bc5+ 35. Kh2 Bd6+ 36. Kg1 Bc5+ 37. Kh2 1/2-1/2

[Event "*** Titled Tuesday Blitz"]
[Site "Chess.com"]
[Date "2018.04.03"]
[Round "3"]
[White "Vusatiuk_Vladimir"]
[Black "Orest_Vovk"]
[Result "0-1"]
[WhiteElo "2186"]
[BlackElo "2365"]
[TimeControl "180+2"]
[EndTime "13:36:38 PDT"]
[Termination "Orest_Vovk won on time"]

1. e4 Nf6 2. e5 Nd5 3. c4 Nb6 4. a4 d6 5. a5 N6d7 6. exd6 exd6 7. d4 Be7 8. Nf3 O-O 9. Bd3 Bf6 10. O-O Nc6 11. Be3 Nb4 12. Nc3 Nxd3 13. Qxd3 Re8 14. Rfe1 Nf8 15. Ne4 Bf5 16. Nxf6+ Qxf6 17. Qb3 b6 18. d5 Nd7 19. axb6 axb6 20. Qb5 Rxa1 21. Rxa1 h6 22. h3 Bxh3 23. gxh3 Qxf3 24. Qxd7 Rxe3 25.
Ra8+ Kh7 26. fxe3 Qg3+ 27. Kf1 Qf3+ 28. Ke1 Qxe3+ 29. Kd1 Qd3+ 30. Kc1 Qxc4+ 31. Kb1 Qd3+ 32. Ka1 Qd1+ 33. Ka2 Qxd5+ 34. Kb1 Qxa8 35. Qxc7 Qe4+ 36. Ka1 Qe1+ 37. Ka2 Qe6+ 38. Kb1 d5 39. Qc3 Qe4+ 40. Ka1 Qa4+ 0-1

[Event "*** Titled Tuesday Blitz"]
[Site "Chess.com"]
[Date "2018.04.03"]
[Round "3"]
[White "Chess_Lynx"]
[Black "yobdc"]
[Result "0-1"]
[WhiteElo "2010"]
[BlackElo "2090"]
[TimeControl "180+2"]
[EndTime "13:36:38 PDT"]
[Termination "yobdc won by checkmate"]

1. e4 e5 2. d4 exd4 3. Qxd4 Nc6 4. Qe3 Nf6 5. Nc3 Bb4 6. Bd2 O-O 7. O-O-O Re8 8.
Qg3 Nxe4 9. Nxe4 Rxe4 10. c3 Bd6 11. Qf3 Re8 12. Kb1 Ne5 13. Qh5 g6 14. Qh3 Bf8 15.
f4 d6 16. Qg3 Bf5+ 17. Ka1 Nd7 18. Nf3 Nc5 19. Nd4 Bd7 20. Bc4 Ne4 21. Qf3 c6 22. f5 d5 23. fxg6 fxg6 24. Rhf1 Nxd2 25. Bxd5+ cxd5 26.
Qxd5+ Kh8 27. Rxd2 Bg7 28. a3 Bc6 29. Qc4 Qd5 30.
Qb4 a5 31. Qb6 Qc4 32. Rfd1 Bd5 33. b3 Qxc3+ 34. Ka2 Bg8 35. Nb5 Qxb3# 0-1

[Event "*** Titled Tuesday Blitz"]
[Site "Chess.com"]
[Date "2018.04.03"]
[Round "3"]
[White "aa175"]
[Black "nicegg"]
[Result "1-0"]
[WhiteElo "1945"]
[BlackElo "1876"]
[TimeControl "180+2"]
[EndTime "13:36:38 PDT"]
[Termination "aa175 won by checkmate"]

1. e4 e5 2. Nf3 Nc6 3. Bc4 Nf6 4. Ng5 Bc5 5. Nxf7 Bxf2+ 6. Kxf2 Nxe4+ 7. Kg1 Qh4 8. g3 Nxg3 9. hxg3 Qxg3+ 10. Kf1 Qf4+ 11. Kg2 Qxc4 12. Nxh8 Qe4+ 13. Kf2 d5 14. Nc3 Qd4+ 15. Kg2 Bg4 16. Qg1 Qf4 17. Qf2 Qxf2+ 18. Kxf2 Ke7 19. Nxd5+ Kd6 20. Ne3 Rxh8 21. Nxg4 h5 22. d3 Nd4 23. c3 Rf8+ 24. Kg2 Nc2 25. Rb1 hxg4 26. Bd2 c5 27.
Rbc1 Nd4 28. cxd4 exd4 29. Kg3 Rf3+ 30. Kxg4 Rxd3 31. Bf4+ Kc6 32. Rh5 b6 33. Rg5 a5 34.
Rxg7 a4 35. Rg6+ Kb5 36. Bc7 a3 37. Rxb6+ Ka4 38. b3+ Ka5 39. Rxc5# 1-0

[Event "*** Titled Tuesday Blitz"]
[Site "Chess.com"]
[Date "2018.04.03"]
[Round "3"]
[White "Fighterman91"]
[Black "AkshatChandra"]
[Result "0-1"]
[WhiteElo "2559"]
[BlackElo "2801"]
[TimeControl "180+2"]
[EndTime "13:36:39 PDT"]
[Termination "AkshatChandra won by resignation"]

1. e4 c5 2. Nf3 d6 3. d4 cxd4 4. Nxd4 Nf6 5. Nc3 a6 6. Bg5 Nbd7 7. Bc4 Qb6 8. Bb3 e6 9. O-O Be7 10. a4 Nc5 11. Re1 Qc7 12. Ba2 O-O 13. a5 h6 14. Bd2 b5 15. axb6 Qxb6 16. b4 Ncd7 17. Be3 Qc7 18. Bd2 Ne5 19. Qe2 Bb7 20. b5 Rfc8 21.
Bb3 Nc4 22. Bc1 Qc5 23. Rd1 axb5 24. Rxa8 Bxa8 25. Ndxb5 Nxe4 26. Nxe4 Qxb5 27. Ng3 Qc6 28.
f3 d5 29. Kh1 Bb7 30. Nf5 Bf8 31. Nd4 Qb6 32. f4 Ba6 33. Qg4 Nd6 34. f5 Ne4 35.
Qf3 Rc3 36. Be3 e5 37. Bxd5 exd4 38. Bxd4 Rxf3 39. Bxb6 Rf4 40. Re1 Nf6 41. Bf3 Rxf5 42. h3 Bc4 43. Rd1 Bd5 44. Bxd5 Rxd5 45. Re1 Rd2 46.
c4 Rc2 47. Bd4 Rxc4 48. Bxf6 gxf6 49. Re4 Rxe4 50. Kh2 Bd6+ 51. Kg1 Bg3 0-1

[Event "*** Titled Tuesday Blitz"]
[Site "Chess.com"]
[Date "2018.04.03"]
[Round "3"]
[White "simplerXiao"]
[Black "abubakrtagelsir"]
[Result "1-0"]
[WhiteElo "2483"]
[BlackElo "2263"]
[TimeControl "180+2"]
[EndTime "13:36:39 PDT"]
[Termination "simplerXiao won by resignation"]

1. e4 d6 2. d4 Nf6 3. Nc3 g6 4. f4 Bg7 5. Nf3 c5 6. d5 O-O 7.
Be2 b5 8. e5 dxe5 9. fxe5 Ng4 10. Bf4 b4 11. Ne4 Nd7 12. d6 Bb7 13. Bg5 f6 14.
dxe7 Qxe7 15. exf6 Ndxf6 16. Nxf6+ Bxf6 17. Bxf6 Rxf6 18.
Qd3 Ba6 19. Qd5+ Kg7 20. O-O-O Bb7 21. Qd7 Re8 22. Bb5 Ne3 23. Qxe8 Qxe8 24. Bxe8 Nxd1 25.
Rxd1 Bxf3 26. gxf3 Rxf3 27. b3 h5 28. Rd7+ Kh6 29.
Rxa7 h4 30. Rc7 Rf5 31. Bd7 Rg5 32. h3 Rg3 33. Kb2 Rg5 34. Bg4 Re5 35. Rc8 Kg5 36.
Rh8 Rd5 37. a3 bxa3+ 38. Kxa3 Re5 39. b4 cxb4+ 40. Kxb4 Re1 41. c4 Rb1+ 42. Kc5 Ra1 43. Kd6 Ra6+ 44. Kd5 Kf6 45. c5 g5 46. Rh6+ 1-0

[Event "*** Titled Tuesday Blitz"]
[Site "Chess.com"]
[Date "2018.04.03"]
[Round "3"]
[White "Vincent_Vega95"]
[Black "51616516516"]
[Result "1-0"]
[WhiteElo "2526"]
[BlackElo "2131"]
[TimeControl "180+2"]
[EndTime "13:36:42 PDT"]
[Termination "Vincent_Vega95 won on time"]

1. d4 Nf6 2. c4 g6 3. Nc3 Bg7 4.
e4 d6 5. Nf3 O-O 6. Be2 e5 7.
O-O Nc6 8. d5 Ne7 9. b4 Nh5 10.
Re1 f5 11. Ng5 Nf4 12. Bf1 h6 13. Nf3 fxe4 14. Nd2 Nd3 15. Bxd3 exd3 16. Nde4 Nf5 17. Qxd3 Nd4 18. c5 Bf5 19. a4 Qh4 20. Ba3 Rf7 21. Ra2 Bf8 22. Qg3 Qxg3 23. hxg3 g5 24. b5 Rd8 25. c6 b6 26. a5 Bg6 27. f3 Nb3 28. Bb4 bxa5 29. Bxa5 Rb8 30. Bb4 Nd4 31. Ra5 Bxe4 32.
Rxe4 Bg7 33. Kf2 h5 34. Ba3 Bh6 35. Bc1 Kg7 36. Be3 g4 37. Bxd4 exd4 38. Rxd4 gxf3 39. gxf3 Re8 40. Re4 Ref8 41. f4 Kg6 42. Rxa7 Bg7 43. Ne2 Kf5 44. Kf3 Bb2 45. Re6 Rb8 46. Ra5 Rh7 47.
Ng1 Bc3 48. Ra3 Bd4 49. Ne2 Bc5 50. Ra5 Rb6 51. Ra8 1-0

[Event "*** Titled Tuesday Blitz"]
[Site "Chess.com"]
[Date "2018.04.03"]
[Round "3"]
[White "RitvarsReimanis"]
[Black "nubair1198"]
[Result "1-0"]
[WhiteElo "2388"]
[BlackElo "2563"]
[TimeControl "180+2"]
[EndTime "13:36:44 PDT"]
[Termination "RitvarsReimanis won on time"]

1. e4 c6 2. c4 d5 3. cxd5 cxd5 4. exd5 Nf6 5. Qa4+ Nbd7 6. Nc3 g6 7. Nf3 Bg7 8. Be2 O-O 9. O-O Nb6 10. Qh4 Nbxd5 11.
d4 Bf5 12. Bh6 Rc8 13. Rac1 Qa5 14. Bd2 Nxc3 15. Bxc3 Qxa2 16. Ra1 Qe6 17. Rfe1 Qb6 18. Ne5 Rfd8 19. Nc4 Qe6 20. Bd3 Qd5 21. Ne3 Qd7 22.
Nxf5 gxf5 23. Rxa7 Nd5 24. Ba5 Re8 25. g4 e6 26.
gxf5 exf5 27. Rxe8+ Rxe8 28. Bd2 Kh8 29. Ra5 Rg8 30.
Kf1 b6 31. Rb5 Bf6 32. Qh3 Ne7 33. Rxf5 Bxd4 34. Qxh7+ Kxh7 35. Rxf7+ 1-0

[Event "*** Titled Tuesday Blitz"]
[Site "Chess.com"]
[Date "2018.04.03"]
[Round "3"]
[White "Sebastian"]
[Black "SantoBlue"]
[Result "1-0"]
[WhiteElo "2803"]
[BlackElo "2621"]
[TimeControl "180+2"]
[EndTime "13:36:45 PDT"]
[Termination "Sebastian won by resignation"]

1. e4 e5 2. Nf3 Nc6 3. Bc4 Nf6 4. d3 Bc5 5. c3 O-O 6. Nbd2 a6 7. O-O h6 8. Re1 Re8 9. h3 d6 10. Bb3 Be6 11.
Bc2 d5 12. exd5 Bxd5 13. b4 Bf8 14. a4 g6 15. Bb2 Bg7 16. b5 Na7 17. Nxe5 Nh5 18.
c4 Bxg2 19. Kxg2 Qg5+ 20. Kf1 Bxe5 21. Rxe5 Rxe5 22. Nf3 Qf5 23. Nxe5 Qxh3+ 24. Kg1 Nf4 25.
Qg4 Qxg4+ 26. Nxg4 f5 27. Nxh6+ Kf8 28. Re1 axb5 29.
cxb5 Nxb5 30. axb5 Ra2 31. Be5 Nh3+ 32. Kg2 Nxf2 33.
Kxf2 Rxc2+ 34. Kg3 Rc5 35. Bf6 Rxb5 36. Re7 Rd5 37.
Rxc7 Rxd3+ 38. Kf4 Ke8 39. Rxb7 Rd1 40. Be5 Rg1 41. Ra7 Kd8 42. Nf7+ Ke8 43. Nd6+ Kf8 44. Rf7+ Kg8 45. Re7 1-0

[Event "*** Titled Tuesday Blitz"]
[Site "Chess.com"]
[Date "2018.04.03"]
[Round "3"]
[White "LawrenceTrent"]
[Black "Zaven_ChessMood"]
[Result "0-1"]
[WhiteElo "2533"]
[BlackElo "2762"]
[TimeControl "180+2"]
[EndTime "13:36:45 PDT"]
[Termination "Zaven_ChessMood won by resignation"]

1. e4 c5 2. b3 Nf6 3. e5 Nd5 4. Bb2 Nc6 5. Nf3 d6 6. Bb5 Bg4 7. h3 Bh5 8. O-O e6 9. Na3 dxe5 10. g4 Bg6 11. Nxe5 Rc8 12. f4 f6 13. f5 fxe5 14. fxg6 Nf4 15. Rxf4 exf4 16. Qe2 Qd7 17.
Qe4 hxg6 18. Bc4 e5 19. Qxg6+ Kd8 20. Be6 Qe7 21. Bxc8 Kxc8 22. Qf5+ Kb8 23. Nc4 g6 24. Bxe5+ Nxe5 25. Qxe5+ Qxe5 26. Nxe5 Bg7 27. Re1 Rxh3 28. c3 Rg3+ 29. Kf2 Bxe5 30. Rxe5 Rxg4 31. Rxc5 Rg3 32. d4 b6 33. Re5 Rxc3 34. Rg5 Rd3 35. d5 Rg3 36. Re5 Kc7 37. Re7+ Kd6 38. Rf7 g5 39. Rxa7 Kxd5 40. Rb7 Kc6 41. Rf7 Kc5 42. Rf6 b5 43. a4 b4 44. a5 Rxb3 45. Rf5+ Kc4 46.
Rxg5 Ra3 47. Ke1 b3 48. Kd2 Ra1 49. a6 b2 0-1

[Event "*** Titled Tuesday Blitz"]
[Site "Chess.com"]
[Date "2018.04.03"]
[Round "3"]
[White "Cecile-Haussernot"]
[Black "ristingho"]
[Result "1-0"]
[WhiteElo "2315"]
[BlackElo "2291"]
[TimeControl "180+2"]
[EndTime "13:36:50 PDT"]
[Termination "Cecile-Haussernot won by resignation"]

1. e4 c6 2. d4 d5 3. f3 g6 4. Nc3 Bg7 5. Be3 Qb6 6. Qd2 Qxb2 7. Rb1 Qa3 8. exd5 Nf6 9. dxc6 bxc6 10. Bc4 O-O 11. Nge2 Nbd7 12. O-O Nb6 13. Bd3 Be6 14. Nf4 Bc4 15. Rxb6 axb6 16. Bxc4 Rfd8 17. Nd3 Nd5 18. Nxd5 cxd5 19. Bb3 e6 20. f4 Bf8 21. Qf2 Qd6 22. Ne5 f6 23. Ng4 Bg7 24. Qh4 Qf8 25. Rf3 Rac8 26.
Rh3 h5 27. Nf2 Rc3 28. g4 Qa3 29. Nd3 hxg4 30. Qxg4 Kf7 31. Rg3 Qf8 32. Qxg6+ Kg8 33. f5 exf5 34. Bh6 Rc7 35. Qxf5 Re7 36. Bxd5+ Kh8 37.
Bf4 Rxd5 38. Qxd5 Rf7 39. Rh3+ Kg8 40. Qf5 Re7 41. Bd6 Re1+ 42. Nxe1 Qxd6 43. Nf3 Qb4 44. Qe6+ Kf8 45. Qe3 Qb1+ 46. Kg2 Qxc2+ 47. Qd2 Qf5 48. Qb4+ Kg8 49. Qc4+ Kf8 50. Rg3 b5 51. Qc5+ Kg8 52. Qxf5 1-0

[Event "*** Titled Tuesday Blitz"]
[Site "Chess.com"]
[Date "2018.04.03"]
[Round "3"]
[White "Guriempire"]
[Black "HaryKane"]
[Result "0-1"]
[WhiteElo "2475"]
[BlackElo "2452"]
[TimeControl "180+2"]
[EndTime "13:37:01 PDT"]
[Termination "HaryKane won by resignation"]

1. e4 e6 2. d4 d5 3. Nd2 Nc6 4. Ngf3 Nf6 5. e5 Nd7 6. c4 dxc4 7. Nxc4 Bb4+ 8. Bd2 Nb6 9. a3 Bxd2+ 10. Qxd2 O-O 11. Nxb6 axb6 12. Bd3 f5 13. exf6 Rxf6 14. O-O Rxf3 15. gxf3 Nxd4 16. Qe3 e5 17. Kh1 Qf6 18. Be4 Bd7 19.
Rad1 Rf8 20. Rd3 Bc6 21. Bxc6 bxc6 22. Qe4 Nxf3 23. Rd7 Ng5 24. Qg2 Ne6 25. Qxc6 h6 26. Rg1 Kh8 27. Qg2 Rg8 28. Qg3 Nf4 29. Qf3 c5 30. Rc7 Qf5 31. Qb7 Nh5 32. Rf7 Qe6 33. Qf3 Nf6 34. Rc7 e4 35. Qg3 Nh5 36. Qg4 Qe5 37. Rf7 e3 38. fxe3 Qd5+ 39. e4 Qxf7 40. e5 Nf4 41. Rf1 Qd5+ 42. Kg1 Ne6 43. Rf5 Nd4 44. Rh5 Qf7 45. Qh3 Qg6+ 46. Kh1 Rf8 0-1

[Event "*** Titled Tuesday Blitz"]
[Site "Chess.com"]
[Date "2018.04.03"]
[Round "3"]
[White "wonderfultime"]
[Black "Doraemon7"]
[Result "0-1"]
[WhiteElo "2740"]
[BlackElo "2440"]
[TimeControl "180+2"]
[EndTime "13:37:02 PDT"]
[Termination "Doraemon7 won by resignation"]

1. d4 d5 2. Bf4 e6 3. e3 c6 4. Nf3 Nf6 5. Nbd2 Nbd7 6. Bd3 Be7 7. h3 Nf8 8. O-O Ng6 9. Bh2 O-O 10.
Qe2 Bd6 11. Ne5 Qc7 12. f4 c5 13. c3 c4 14. Bc2 b5 15. e4 dxe4 16. a4 b4 17.
Nxe4 Nxe4 18. Bxe4 Bb7 19. Bxb7 Qxb7 20. Nxc4 Qa6 21.
cxb4 Bxb4 22. Rad1 Qxa4 23. d5 exd5 24. Rxd5 Rfe8 25.
Qd3 Qc6 26. f5 Ne7 27. Rd7 f6 28. Kh1 Kh8 29. b3 Ng8 30. Bd6 Bxd6 31. Nxd6 Qxd7 32.
Qd5 Rf8 33. Rd1 Nh6 34. Qe6 Rad8 35. b4 Qc7 36. Rd4 Rd7 37. Nb5 Qc1+ 38. Kh2 Rxd4 39. Nxd4 Qf4+ 40. Kh1 Qxd4 41. Qe7 Qd8 42. Qe4 Re8 0-1

[Event "*** Titled Tuesday Blitz"]
[Site "Chess.com"]
[Date "2018.04.03"]
[Round "3"]
[White "vovachesss"]
[Black "GMSrinath"]
[Result "0-1"]
[WhiteElo "2428"]
[BlackElo "2733"]
[TimeControl "180+2"]
[EndTime "13:37:03 PDT"]
[Termination "GMSrinath won by resignation"]

1. e4 e5 2. Nf3 Nc6 3. Nc3 Nf6 4.
Bb5 Nd4 5. Bc4 Bc5 6. d3 Nxf3+ 7. Qxf3 h6 8. Be3 Bxe3 9. fxe3 c6 10. O-O d6 11. Rf2 O-O 12. Raf1 Be6 13. Qg3 Nh7 14. Bb3 Qe7 15. d4 Bxb3 16. axb3 f6 17. Qg6 Qf7 18. Qf5 Rfe8 19. Rd1 Rad8 20. Rfd2 Nf8 21. Ne2 Qc7 22. Ng3 d5 23. Qg4 Qf7 24. Nf5 Qg6 25. h3 dxe4 26.
dxe5 Rxd2 27. Rxd2 Rxe5 28. Nd6 b5 29. Qc8 Qg3 30.
Nf5 Qe1+ 31. Kh2 Qxd2 32. Nh4 Qd7 33. Qb8 Re8 34. Qg3 Nh7 35. Ng6 Ng5 36. Nf4 Ne6 37. Nh5 Qc7 38. Nxf6+ Kf7 39. Nxe8 Kxe8 0-1

[Event "*** Titled Tuesday Blitz"]
[Site "Chess.com"]
[Date "2018.04.03"]
[Round "3"]
[White "pedromartinez91"]
[Black "patrisiii123"]
[Result "1-0"]
[WhiteElo "2371"]
[BlackElo "2251"]
[TimeControl "180+2"]
[EndTime "13:37:11 PDT"]
[Termination "pedromartinez91 won by resignation"]

1. d4 d5 2. c4 e6 3. Nf3 c6 4.
g3 Nf6 5. Bg2 Bb4+ 6. Bd2 Be7 7.
Qc2 O-O 8. O-O Nbd7 9. Rd1 b6 10. Ne5 Bb7 11. cxd5 cxd5 12. Nc6 Bxc6 13. Qxc6 Rc8 14. Qb5 Qc7 15. Nc3 Qb7 16. Qd3 a6 17. e4 dxe4 18.
Nxe4 Qa7 19. Nc3 Rfd8 20. Qe2 Nf8 21. Be3 Bb4 22. Rac1 Bxc3 23. bxc3 Nd5 24. Bd2 b5 25. a4 Qd7 26. Be4 Ng6 27. Bd3 Rb8 28. h4 bxa4 29. h5 Nge7 30. h6 g6 31. c4 Nf6 32. Bc3 Ne8 33. Re1 Nc7 34. Qe5 Ne8 35. d5 f6 36.
Qxe6+ Qxe6 37. Rxe6 Kf7 38. Rxa6 Rb3 39. Rxa4 Rc8 40.
Bf1 Nxd5 41. cxd5 Rcxc3 42. Ra7+ Kg8 43. Re1 Nd6 44. Rg7+ Kf8 45. Rxh7 Nf7 46. d6 Rb8 47. Re7 Nxd6 48. Reg7 Nf7 49. Rxf7+ Ke8 50. Rfg7 Kd8 1-0

[Event "*** Titled Tuesday Blitz"]
[Site "Chess.com"]
[Date "2018.04.03"]
[Round "3"]
[White "EmeseBalogh"]
[Black "AndrewMcStone"]
[Result "0-1"]
[WhiteElo "1963"]
[BlackElo "2110"]
[TimeControl "180+2"]
[EndTime "13:37:11 PDT"]
[Termination "AndrewMcStone won by resignation"]

1. e4 Nc6 2. f4 d5 3. e5 Bf5 4. Nf3 e6 5. d4 Nh6 6. c3 Be7 7. Bd3 Qd7 8. Be3 f6 9. O-O O-O-O 10. b4 Bxd3 11. Qxd3 Nf5 12. b5 Na5 13. Nbd2 Nxe3 14. Qxe3 Rhe8 15. Rfc1 Qxb5 16. Rab1 Qc6 17. Nb3 Nc4 18.
Qe2 fxe5 19. Nxe5 Nxe5 20. fxe5 Bg5 21. Rc2 Rf8 22. c4 dxc4 23. Rxc4 Qd5 24. Qc2 Be3+ 25.
Kh1 c6 26. Rc5 Qd7 27. Na5 Bxd4 28. Rxc6+ bxc6 29. Nxc6 Qc7 30. Nxa7+ Kd7 31. Qa4+ Ke7 32. Nc6+ Kf7 33. Nxd8+ Qxd8 34. Rd1 Kg8 35. h3 Qd5 36. Qxd4 Rf1+ 37. Rxf1 Qxd4 38. Rf3 Qxe5 39. Kg1 Qc5+ 40. Kh2 e5 41. Kg3 e4 42. Rf4 Qe3+ 43.
Kg4 h5+ 44. Kf5 Qd3 45. Rxe4 g6+ 46. Kf4 Qd2+ 47. Re3 Qxa2 48. Re8+ Kf7 49. Re4 Qxg2 50. Ke5 Qg3+ 51. Kd5 Qxh3 52. Kd4 Qd7+ 53. Ke5 Qe6+ 54.
Kf4 Qf6+ 55. Ke3 g5 56. Ke2 Kg6 57. Re3 h4 0-1

[Event "*** Titled Tuesday Blitz"]
[Site "Chess.com"]
[Date "2018.04.03"]
[Round "3"]
[White "Muracle"]
[Black "jcibarra"]
[Result "0-1"]
[WhiteElo "2444"]
[BlackElo "2682"]
[TimeControl "180+2"]
[EndTime "13:37:12 PDT"]
[Termination "jcibarra won by resignation"]

1. Nf3 d6 2. d4 Nf6 3. g3 g6 4. Bg2 Bg7 5. O-O O-O 6. b3 c5 7. Bb2 cxd4 8. Nxd4 d5 9. Nd2 e5 10.
N4f3 e4 11. Nd4 e3 12. fxe3 Ng4 13. Rf3 Ne5 14. Rf1 Bh6 15. N2f3 Ng4 16. Nb5 a6 17. h3 Bxe3+ 18. Kh1 Nf2+ 19. Rxf2 Bxf2 20. Nc3 Be6 21. Ne5 Bxg3 22. Nxd5 Bxd5 23. Bxd5 Bxe5 24. Bxe5 Nc6 25. Bb2 Qd7 26. Kh2 Rad8 27. c4 Qd6+ 28. Kg2 Qf4 29. Qd3 Qg5+ 30. Kh1 Ne5 31. Qc3 Rfe8 32. e4 Kg7 33. Rg1 Qh5 34. Rf1 f6 35. Rf2 Rd7 36. a4 Qg5 37. Bc1 Qh4 38. Rf4 Qh5 39.
Bb2 Qe2 40. Bc1 b5 41. axb5 axb5 42. c5 Rc8 43. b4 Ra8 44. Bb2 Ra2 45. c6 Rxb2 46.
Qxb2 Qxb2 47. cxd7 Nxd7 48. Rf3 Qxb4 0-1

[Event "*** Titled Tuesday Blitz"]
[Site "Chess.com"]
[Date "2018.04.03"]
[Round "3"]
[White "chesstatour"]
[Black "TomPolgar"]
[Result "0-1"]
[WhiteElo "1966"]
[BlackElo "2164"]
[TimeControl "180+2"]
[EndTime "13:37:12 PDT"]
[Termination "TomPolgar won by resignation"]

1. c4 Nf6 2. Nc3 g6 3. e4 d6 4. d4 Bg7 5. f4 O-O 6. Nf3 e5 7. fxe5 dxe5 8. d5 c6 9. Bd3 Na6 10. O-O Qd6 11. Kh1 Nc5 12. Bc2 cxd5 13. cxd5 Bd7 14.
Be3 Ng4 15. Bg1 f5 16. Rc1 Rac8 17. Qe1 f4 18. Qe2 b6 19. Rfd1 h5 20. Ng5 Bh6 21. Ne6 Bxe6 22. dxe6 Qxe6 23. b4 Kg7 24. bxc5 bxc5 25. Rb1 Rc7 26. Nd5 Rcf7 27. Qf3 Nf6 28. Bb3 Qa6 29. Nc3 c4 30. Bc2 g5 31. Nd5 g4 32.
Qc3 Nd7 33. Nb4 Qe6 34. Rd5 f3 35. gxf3 Rxf3 36. Bf2 Rxc3 37. Rbd1 Nb6 38. Rd6 Qe7 39. Bxb6 axb6 40. Rd7 Qxd7 41. Rxd7+ Rf7 42. Rd6 Be3 43.
h3 Bc5 44. Nd5 Rxh3+ 45. Kg2 Rf2+ 46. Kg1 Rxc2+ 0-1

[Event "*** Titled Tuesday Blitz"]
[Site "Chess.com"]
[Date "2018.04.03"]
[Round "3"]
[White "dianosky"]
[Black "Cryptochess"]
[Result "1-0"]
[WhiteElo "2283"]
[BlackElo "2382"]
[TimeControl "180+2"]
[EndTime "13:37:12 PDT"]
[Termination "dianosky won by resignation"]

1. d4 Nf6 2. c4 d5 3. Nc3 c6 4.
Nf3 Bg4 5. Qb3 Qb6 6. c5 Qc7 7. Bf4 Qc8 8. Ne5 Nbd7 9. h3 Bf5 10. g4 Bg6 11. f3 e6 12. Bg2 Be7 13. O-O Bd8 14. e4 Bc7 15. Nxg6 hxg6 16. e5 Nh7 17. Qa4 g5 18. Bg3 Nhf8 19. b4 a6 20. Ne2 Ng6 21. f4 gxf4 22. Nxf4 Nxf4 23. Bxf4 Qd8 24. Rf3 Qe7 25.
Raf1 O-O-O 26. Qb3 f6 27. exf6 Nxf6 28. Bg5 Rdf8 29. a4 Bb8 30. b5 axb5 31. axb5 Qc7 32.
Bf4 Qd7 33. bxc6 Qxc6 34. Rb1 Ne4 35. Bxb8 Kxb8 36. Rxf8+ Rxf8 37. Bxe4 dxe4 38. Qg3+ Qc7 39. Qxc7+ Kxc7 40. Rb6 Kd7 41. Rxb7+ Kc6 42. Rb6+ Kd5 43. Rd6+ Kc4 44. c6 Kd3 45. c7 e3 46. Rxe6 e2 47. d5 Rf1+ 48. Kg2 Rc1 49. d6 Rc2 50. Kg3 Rc3 51.
d7 1-0

[Event "*** Titled Tuesday Blitz"]
[Site "Chess.com"]
[Date "2018.04.03"]
[Round "3"]
[White "gkchesstiger"]
[Black "maciek_92"]
[Result "1/2-1/2"]
[WhiteElo "2740"]
[BlackElo "2549"]
[TimeControl "180+2"]
[EndTime "13:37:15 PDT"]
[Termination "Game drawn by agreement"]

1. d4 Nf6 2. Nf3 d5 3. Bf4 c5 4. e3 Nc6 5. Nbd2 Bg4 6. h3 Bxf3 7. Nxf3 e6 8. c3 Bd6 9. dxc5 Bxc5 10. Qb3 Qe7 11.
Bb5 O-O 12. O-O Bd6 13. Bg5 h6 14. Bxf6 Qxf6 15. Bxc6 bxc6 16. Qa4 Rfc8 17. e4 Qf4 18. Rfe1 a5 19. Qc2 Rab8 20. Rad1 Be7 21. b3 Rd8 22. Rd4 Qc7 23. g3 Bc5 24. exd5 Bxd4 25. cxd4 Rxd5 26. Rc1 c5 27. Qc3 Rc8 28. a3 Qb6 29. Qc4 Qb7 30.
Rc3 g6 31. b4 axb4 32. axb4 Rf5 33. Nh4 Rd5 34. Nf3 e5 35. dxc5 Rd1+ 36. Kh2 Rb1 37. c6 Qxb4 38. Nxe5 Qxc4 39. Rxc4 Kg7 40. Rd4 Rc7 41. Rd6 Rb2 42. Kg2 Re2 43. Nf3 Rc2 44.
Nd4 Rc3 45. Rd7 R7xc6 46. Nxc6 Rxc6 1/2-1/2